 Dungeon Crawl Stone Soup version 0.25.1-1-g288607f5aa (webtiles) character file.

Game seed: 16828216247193568042

23410 Acheron the Grappler (level 12, -2/111 HPs)
             Began as a Troll Wanderer on July 23, 2020.
             Was a High Priest of Okawaru.
             Slain by a two-headed ogre
             ... wielding a +0 giant club
              (13 damage)
             ... on level 1 of the Orcish Mines.
             The game lasted 01:17:50 (11115 turns).

Acheron the Grappler (Troll Wanderer)              Turns: 11115, Time: 01:17:50

Health: -2/111     AC: 10    Str: 28    XL:     12   Next: 71%
Magic:  13/14      EV: 15    Int: 10    God:    Okawaru [*****.]
Gold:   2511       SH:  5    Dex: 12    Spells: 7/13 levels left

rFire    . . .     SeeInvis .     - Unarmed
rCold    . . .     Gourm    +   (no shield)
rNeg     + . .     Faith    .   H - +1 troll leather armour
rPois    .         Spirit   .   (helmet restricted)
rElec    .         Reflect  +   (no cloak)
rCorr    .         Harm     .   (gloves unavailable)
MR       .....                  (boots unavailable)
Stlth    ++++......             R - amulet of reflection
HPRegen  1.08/turn              n - ring of positive energy
MPRegen  0.14/turn              p - +6 ring of strength

@: heroism
A: large, unfitting armour, claws 3, fast metabolism 3, gourmand, regeneration
1, shaggy fur 1, tough skin 3
a: Heroism, Finesse, Renounce Religion


You were on level 1 of the Orcish Mines.
You worshipped Okawaru.
Okawaru was extremely pleased with you.
You were completely stuffed.

You visited 3 branches of the dungeon, and saw 15 of its levels.
You also visited: Ossuary.

You collected 2675 gold pieces.
You spent 164 gold pieces at shops.

Inventory:

Hand Weapons
 a - the +8 glaive "Wecuargh" {vorpal, *Contam +Blink MR+ SInv}
   (Okawaru gifted it to you on level 9 of the Dungeon)

   It inflicts extra damage upon your enemies.
   It affects your resistance to hostile enchantments.
   It lets you see invisible.
   It lets you blink.
   It causes magical contamination when unequipped.
 B - a +2 rapier of draining
 F - a +5 dire flail of electrocution
 I - the +9 hunting sling of Equilibrium {venom, MR+, unknown}
   (Okawaru gifted it to you on level 12 of the Dungeon)

   It poisons the ammo it fires.
   It affects your resistance to hostile enchantments.
 M - the +6 long sword of Courage {vorpal, rF+}
   (You found it on level 10 of the Dungeon)

   It inflicts extra damage upon your enemies.
   It protects you from fire.
 S - a +5 vampiric double sword
Missiles
 c - 73 poisoned darts
 k - 135 stones
 x - 7 atropa-tipped darts
 G - 23 boomerangs (quivered)
 K - 6 large rocks
 Q - 3 javelins
 U - a curare-tipped dart
Armour
 d - a +1 robe of cold resistance
 H - a +1 troll leather armour (worn)
Magical Staves
 o - an uncursed staff of earth
Jewellery
 n - a ring of positive energy (left claw)
 p - a +6 ring of strength (right claw)
 r - an uncursed amulet of the acrobat
 y - a +4 ring of evasion
 P - an uncursed ring of resist corrosion
 R - an amulet of reflection (around neck)
Wands
 q - a wand of iceblast (12)
 s - a wand of random effects (38)
 C - a wand of polymorph (10)
 L - a wand of enslavement (6)
Scrolls
 e - a scroll of summoning
 g - 4 scrolls of teleportation
 h - a scroll of immolation
 i - 8 scrolls of remove curse
 l - 2 scrolls of fog
 m - 3 scrolls of amnesia
 u - 3 scrolls of enchant weapon
 E - 2 scrolls of fear
 J - 2 scrolls of enchant armour
 O - 2 scrolls of magic mapping
Potions
 b - 5 potions of curing
 j - 4 potions of cancellation
 t - 6 potions of flight
 v - 2 potions of ambrosia
 w - 3 potions of stabbing
 z - 2 potions of haste
 A - 2 potions of lignification
 D - a potion of berserk rage
Comestibles
 f - 21 rations
 N - 24 chunks of flesh


   Skills:
 * Level 5.2(10.2) Fighting
 - Level 4.1(9.1) Short Blades
 * Level 6.2(11.2) Throwing
 * Level 3.3(8.3) Armour
 * Level 6.3(11.3) Dodging
 + Level 4.1(9.1) Stealth
 * Level 13.1(18.1) Unarmed Combat
 + Level 1.1 Spellcasting
 * Level 2.0 Transmutations
 * Level 2.9 Earth Magic
 * Level 3.9 Invocations
 * Level 4.8 Evocations


You had 7 spell levels left.
You knew the following spells:

 Your Spells              Type           Power        Failure   Level  Hunger
a - Magic Dart            Conj           #...         36%         1    ##.....
b - Sandblast             Erth           #.....       12%         1    ##.....
c - Beastly Appendage     Tmut           #.....       17%         1    ##.....
d - Corona                Hex            #......      36%         1    ##.....
e - Passwall              Tmut/Erth      #.......     21%         2    ###....

Your spell library contained the following spells:

 Spells                   Type           Power        Failure   Level  Hunger
 Sticks to Snakes         Tmut           #.......     26%         2    ###....
 Ensorcelled Hibernation  Hex/Ice        #.....       50%         2    ###....
 Searing Ray              Conj           #.....       50%         2    ###....
 Stone Arrow              Conj/Erth      #.....       54%         3    ####...
 Spider Form              Tmut/Pois      #.........   58%         3    ####...
 Confusing Touch          Hex            #.......     75%         3    ####...
 Dazzling Flash           Conj/Hex       #.....       75%         3    ####...
 Gell's Gravitas          Tloc           #.........   75%         3    ####...
 Tukima's Dance           Hex            #.......     75%         3    ####...
 Petrify                  Tmut/Erth      #.......     80%         4    #####..
 Ice Form                 Ice/Tmut       #.......     94%         4    #####..
 Lee's Rapid Deconstruct  Erth           #.........   97%         5    ######.
 Fulminant Prism          Conj/Hex       #.........   98%         4    #####..
 Iskenderun's Mystic Bla  Conj/Tloc      #.......     98%         4    #####..
 Blade Hands              Tmut           #.........   99%         5    ######.
 Metabolic Englaciation   Hex/Ice        #.........   100%        5    ######.
 Yara's Violent Unravell  Hex/Tmut       #.........   100%        5    ######.


Dungeon Overview and Level Annotations

Branches:
Dungeon (12/15)            Temple (1/1) D:4            Lair (0/6) D:11
    Orc (2/2) D:12        Ossuary (visited)
    Elf: Orc:2

Altars:
Dithmenos
Elyvilon
Gozag
Okawaru
Qazlal
Wu Jian
Beogh

Shops:
D:5 %   D:6 [   D:10 [==%   D:11 =

Annotations:
D:10 exclusion: downstairs
D:11 Sonja


Innate Abilities, Weirdness & Mutations

You are too large for most types of armour.
You have claws for hands.
Your metabolism is lightning-fast.
You like to eat raw meat.
Your natural rate of healing is unusually fast.
You are covered in fur. (AC +1)
You have extremely tough skin. (AC +3)


Message History

An ogre and a two-headed ogre come into view.
The ogre shouts!
The two-headed ogre shouts in stereo!
You hear a shout!
An ogre comes into view. It is wielding a +0 giant club.
Something hits you! The two-headed ogre closely misses you.
The two-headed ogre barely misses you.
The two-headed ogre moves out of view.
You see here a cursed -1 giant club.
The two-headed ogre closely misses you.
The two-headed ogre hits you with a cursed -2 giant club!!
* * * LOW HITPOINT WARNING * * *
Things that are here:
a +0 giant club x2; a two-headed ogre skeleton You barely miss the two-headed ogre.
The two-headed ogre is severely wounded.
Something hits you!
* * * LOW HITPOINT WARNING * * *
Okay, then.
You claw the two-headed ogre!
The two-headed ogre is severely wounded.
The two-headed ogre hits you with a +0 giant club!
You die...

.....## ###
###............
......#
##...........
.##...## ####
#....###.....
.#.....#######..##
##....##....#
###.#.###.))#....#
##...##....## #
######.###.....##
#.^...##.### #)#
###>...#
##.#.##### #)#
##..## ##### ####
#)## ##@O# #..##
##.## ##)#
##..#####.# ##O#
##.....###.# #.##
))........## #.#
###.....### .##
#.....## ..
##....# ..O ###.##
#...


You could see a two-headed ogre and an ogre.

Vanquished Creatures
  Jorgrun (D:12)
  6 two-headed ogres
  An unseen horror (D:12)
  2 cyclopes
  A gargoyle (D:7)
  A hornet (D:10)
  4 trolls
  A meliai (D:10)
  2 hippogriffs
  A shadow (D:11)
  23 yaks
  A water elemental (D:11)
  Grum (D:10)
  2 hungry ghosts
  Eustachio (D:4)
  A human (D:7)
  A basilisk (D:12)
  4 hogs (D:7)
  2 wargs (Orc:1)
  A two-headed ogre zombie (Orc:1)
  Edmund (D:6)
  A soldier ant (D:10)
  4 orc warriors
  A black bear (D:7)
  A sky beast (D:6)
  A slave (D:4)
  An ice beast (D:9)
  2 phantoms
  5 necrophages
  15 ogres
  12 centaurs
  5 wolves
  A crocodile (shapeshifter) (D:12)
  2 big kobolds
  6 bullfrogs
  A wyvern zombie (D:12)
  6 water moccasin zombies (Ossuary)
  A scorpion (D:9)
  A water moccasin skeleton (D:4)
  4 killer bees (D:9)
  8 wights
  5 howler monkeys
  An electric eel (D:11)
  A bullfrog zombie (D:5)
  9 crimson imps
  13 hounds
  10 orc priests
  2 bullfrog skeletons
  A centaur zombie (D:10)
  4 jellies
  2 quasits
  4 centaur skeletons
  7 iguanas
  9 orc wizards
  3 worker ants
  2 big kobold zombies (Ossuary)
  4 hound zombies
  2 mummies (Ossuary)
  A worker ant zombie (D:11)
  2 howler monkey zombies
  4 gnolls (D:8)
  A howler monkey skeleton (D:6)
  9 adders
  4 shadow imps
  4 oozes
  3 adder skeletons
  3 adder zombies (Ossuary)
  5 worms
  2 dart slugs (D:3)
  6 leopard geckos
  33 orcs
  7 ball pythons
  9 giant cockroaches
  3 gnoll zombies (Ossuary)
  8 goblins
  9 hobgoblins
  18 jackals
  6 quokkas
  8 bats
  8 frilled lizards
  6 hobgoblin zombies (Ossuary)
  16 kobolds
  7 kobold zombies (Ossuary)
  4 orc zombies (Ossuary)
  A quokka zombie (D:6)
  8 rats
410 creatures vanquished.

Vanquished Creatures (collateral kills)
  A wolf (D:10)
1 creature vanquished.

Vanquished Creatures (others)
  An unseen horror (D:12)
  A kobold (D:12)
2 creatures vanquished.

Grand Total: 413 creatures vanquished

Notes
Turn   | Place    | Note
-------+----------+-------------------------------------------
     0 | D:1      | Acheron the Troll Wanderer began the quest for the Orb.
     0 | D:1      | Acheron set off with the following items: a +2 short sword,
                  | a potion of curing, 10 poisoned darts, a +0 dagger, a +0
                  | robe, 2 rations
     0 | D:1      | Reached XP level 1. HP: 16/16 MP: 0/0
   363 | D:1      | Reached XP level 2. HP: 18/24 MP: 1/1
   646 | D:1      | Reached skill level 1 in Unarmed Combat
   667 | D:1      | Reached XP level 3. HP: 31/32 MP: 2/2
  1071 | D:2      | Reached skill level 1 in Fighting
  1083 | D:2      | Reached XP level 4. HP: 41/41 MP: 3/3
  1106 | D:2      | Reached skill level 2 in Unarmed Combat
  1557 | D:3      | Noticed a big kobold
  1583 | D:3      | Killed a big kobold
  1583 | D:3      | Reached skill level 3 in Unarmed Combat
  1583 | D:3      | Reached XP level 5. HP: 45/48 MP: 4/4
  1715 | D:3      | Found a stormy altar of Qazlal.
  3172 | D:5      | Entered Level 5 of the Dungeon
  3188 | D:5      | Noticed a centaur
  3198 | D:5      | Killed a centaur
  3198 | D:5      | Reached XP level 6. HP: 33/55 MP: 6/6
  3279 | D:5      | Reached skill level 4 in Unarmed Combat
  3289 | D:5      | Found Vuhycsil's Food Emporium.
  3383 | D:6      | Reached XP level 7. HP: 58/63 MP: 7/7
  3402 | D:6      | Reached skill level 5 in Unarmed Combat
  3463 | D:6      | Found a sand-covered staircase.
  3471 | Ossuary  | Entered an ossuary
  3609 | Ossuary  | Reached XP level 8. HP: 64/72 MP: 8/8
  3661 | Ossuary  | Reached skill level 6 in Unarmed Combat
  3836 | D:6      | Noticed Edmund
  3857 | D:6      | Killed Edmund
  3857 | D:6      | Reached skill level 7 in Unarmed Combat
  3971 | D:6      | Found Rokh's Antique Armour Boutique.
  3974 | D:6      | Bought a runed robe for 99 gold pieces
  4174 | D:6      | Found an opulent altar of Gozag.
  4470 | D:5      | Found an iron altar of Okawaru.
  4476 | D:5      | Became a worshipper of Warmaster Okawaru
  4819 | D:4      | Found a staircase to the Ecumenical Temple.
  4829 | D:4      | Reached XP level 9. HP: 80/80 MP: 9/9
  4860 | Temple   | Entered the Ecumenical Temple
  5025 | D:4      | Noticed Eustachio
  5078 | D:4      | Killed Eustachio
  5078 | D:4      | Reached skill level 8 in Unarmed Combat
  5164 | D:5      | Reached * piety under Okawaru
  5584 | D:7      | Reached skill level 1 in Armour
  5598 | D:7      | Reached ** piety under Okawaru
  5622 | D:7      | Reached skill level 9 in Unarmed Combat
  5919 | D:7      | Noticed a gargoyle
  5948 | D:7      | Killed a gargoyle
  5948 | D:7      | Reached XP level 10. HP: 69/91 MP: 9/11
  6092 | D:7      | Reached *** piety under Okawaru
  6092 | D:7      | Reached skill level 5 in Dodging
  6164 | D:7      | You fall into a shaft and drop 2 floors!
  6213 | D:9      | Reached skill level 1 in Invocations
  6242 | D:9      | Found an ornate altar of the Wu Jian Council.
  6244 | D:9      | Noticed a two-headed ogre
  6253 | D:10     | Entered Level 10 of the Dungeon
  6272 | D:10     | Found Elaix's Food Shoppe.
  6294 | D:10     | Reached skill level 10 in Unarmed Combat
  6302 | D:10     | Reached **** piety under Okawaru
  6344 | D:10     | Received a gift from Okawaru
  6424 | D:10     | Got a warped long sword
  6642 | D:10     | Received a gift from Okawaru
  6716 | D:10     | Found Ryes Julap's Jewellery Emporium.
  6820 | D:10     | Found Setass's Antique Armour Boutique.
  6848 | D:10     | Learned a level 1 spell: Magic Dart
  6860 | D:10     | Learned a level 1 spell: Sandblast
  6882 | D:10     | Found Jafew's Jewellery Shoppe.
  6915 | D:10     | Bought a cursed amulet of inaccuracy for 20 gold pieces
  6929 | D:10     | Noticed a cyclops
  6952 | D:10     | Killed a cyclops
  6952 | D:10     | Reached XP level 11. HP: 71/100 MP: 9/12
  6958 | D:10     | Noticed Grum
  6959 | D:10     | Reached ***** piety under Okawaru
  6969 | D:10     | Killed Grum
  7208 | D:10     | Reached skill level 5 in Throwing
  7208 | D:10     | Reached skill level 11 in Unarmed Combat
  7310 | D:9      | Noticed a two-headed ogre
  7316 | D:9      | Killed a two-headed ogre
  7678 | D:9      | Killed a two-headed ogre
  7678 | D:9      | Received a gift from Okawaru
  7681 | D:9      | Got an encrusted glaive {god gift}
  7967 | D:9      | Identified the +6 long sword of Courage {vorpal, rF+} (You
                  | found it on level 10 of the Dungeon)
  7968 | D:9      | Identified the +8 glaive "Wecuargh" {vorpal, *Contam +Blink
                  | MR+ SInv} (Okawaru gifted it to you on level 9 of the
                  | Dungeon)
  8123 | D:9      | Found a shadowy altar of Dithmenos.
  8167 | D:9      | Reached skill level 1 in Earth Magic
  8709 | D:8      | Learned a level 1 spell: Beastly Appendage
  8711 | D:8      | Learned a level 1 spell: Corona
  8799 | D:8      | Identified a scroll of acquirement
  8799 | D:8      | Acquired 1510 gold pieces
  8835 | D:8      | Found a white marble altar of Elyvilon.
  9192 | D:10     | Bought a cursed ring of attention for 45 gold pieces
  9389 | D:11     | Reached skill level 1 in Spellcasting
  9413 | D:11     | Found a staircase to the Lair.
  9535 | D:11     | Found Vitzaitia's Jewellery Shop.
  9907 | D:11     | Reached skill level 12 in Unarmed Combat
  9934 | D:11     | Noticed Sonja
 10110 | D:12     | Noticed Jorgrun
 10135 | D:12     | Killed Jorgrun
 10135 | D:12     | Received a gift from Okawaru
 10135 | D:12     | Reached skill level 1 in Transmutations
 10135 | D:12     | Reached XP level 12. HP: 53/110 MP: 11/14
 10141 | D:12     | Got a crystal hunting sling {god gift}
 10276 | D:12     | Noticed a two-headed ogre
 10443 | D:11     | Learned a level 2 spell: Passwall
 10502 | D:12     | Found a roughly hewn altar of Beogh.
 10502 | D:12     | Found a staircase to the Orcish Mines.
 10591 | Orc:1    | Entered Level 1 of the Orcish Mines
 10599 | Orc:1    | Reached skill level 5 in Fighting
 10680 | Orc:2    | Entered Level 2 of the Orcish Mines
 10727 | Orc:2    | Noticed an orc high priest
 10728 | Orc:1    | Found a roughly hewn altar of Beogh.
 11030 | Orc:1    | Noticed a two-headed ogre
 11030 | Orc:1    | Noticed a two-headed ogre
 11056 | Orc:1    | Noticed a two-headed ogre
 11060 | Orc:1    | Killed a two-headed ogre
 11073 | Orc:1    | Killed a two-headed ogre
 11073 | Orc:1    | Received a gift from Okawaru
 11088 | Orc:1    | Killed a two-headed ogre
 11088 | Orc:1    | Reached skill level 13 in Unarmed Combat
 11094 | Orc:1    | Noticed a two-headed ogre
 11094 | Orc:1    | Noticed a two-headed ogre
 11094 | Orc:1    | Noticed an ogre mage
 11108 | Orc:1    | Killed a two-headed ogre
 11112 | Orc:1    | Noticed a two-headed ogre
 11115 | Orc:1    | Slain by a two-headed ogre

Illustrated notes

Levels and vault maps discovered:
D:1:      dpeg_arrival_round_c, layout_basic
D:2:      layout_basic, first_ration, minmay_increasing_density
D:3:      layout_loops_ring, nicolae_qazlal_general_emergency
D:4:      layout_cave_pools, uniq_eustachio, uniq_pikel
D:5:      layout_cave_pools, serial_shops, shop_fountains,
          okawaru_ov_weapons_minmay
D:6:      layout_loops_ring, serial_shops, kennysheep_mini,
          nicolae_ossuary_entry_plus, nicolae_gozag_seed_capital, uniq_edmund
D:7:      layout_rooms, serial_rivers, chequers_serial_rivers_micro_a,
          chequers_serial_rivers_room_a, chequers_serial_rivers_micro_e,
          chequers_serial_rivers_micro_a, chequers_serial_rivers_small_b,
          chequers_serial_rivers_room_a, grunt_livestock,
          kennysheep_small_circle
D:8:      layout_basic, basic_altar
D:9:      layout_loops_ring, nicolae_dithmenos_through_a_glass_darkly,
          basic_altar, minmay_liquid_box, corner_web_ring
D:10:     minmay_curly_fans, layout_long_grid, serial_shops,
          nicolae_shop_statue_plus, nicolae_shop_waterfront,
          nicolae_shop_waterfront, shop_coins, uniq_grum
D:11:     layout_roguey, erik_lair_island, serial_shops, shop, uniq_sonja
D:12:     layout_cave_pools, david_orc_5, uniq_jorgrun
Temple:   kilobyte_greek_temple
Orc:1:    lemuel_ogre_cave, layout_caves, basic_altar
Orc:2:    grunt_orc_tribal_feast, layout_caves, basic_altar

Skill      XL: |  1  2  3  4  5  6  7  8  9 10 11 12 |
---------------+-------------------------------------+-----
Unarmed Combat | 1 3 4 5 7 9 10 12 13 | 13.1
Fighting       | 1 2 3 4 5 |  5.2
Dodging        | 2 3 4 5 6 |  6.3
Throwing       | 2 3 4 5 6 |  6.2
Stealth        | 2 3 4 |  4.1
Evocations     | 2 3 4 |  4.8
Armour         | 1 2 3 |  3.3
Invocations    | 2 3 |  3.9
Earth Magic    | 2 |  2.9
Spellcasting   | 1 |  1.1
Transmutations | 1 2 |  2.0
Short Blades   | |  4.1

Action                   |  1- 3 |  4- 6 |  7- 9 | 10-12 || total
-------------------------+-------+-------+-------+-------++-------
Melee: Unarmed           |   145 |   205 |   444 |   556 ||  1350
       Punch             |       |     2 |    17 |    26 ||    45
Throw: Dart              |       |     3 |     1 |     1 ||     5
       Boomerang         |       |       |       |    21 ||    21
       Javelin           |       |       |       |    17 ||    17
Invok: Heroism           |       |       |     1 |    18 ||    19
  Use: Scroll            |     6 |     8 |     6 |    10 ||    30
       Potion            |       |       |     3 |     3 ||     6
 Stab: Sleeping          |     1 |     3 |     1 |       ||     5
       Distracted        |       |       |     1 |       ||     1
  Eat: Chunk             |    15 |    21 |    25 |    58 ||   119
Armor: Robe              |    77 |    53 |    37 |       ||   167
       Troll leather arm |       |       |    79 |   150 ||   229
Dodge: Dodged            |    78 |   137 |   352 |   332 ||   899
Block: Other             |       |       |       |    46 ||    46
       Reflection        |       |       |       |     6 ||     6
